 Dungeon Crawl Stone Soup version 0.31-a0-774-g0d66cbabe8 (webtiles) character file.

Game seed: 3675970959377966437

163 Shayle the Firebug (level 5, -7/42 (48) HPs)
             Began as an Ogre Hexslinger on Sept 18, 2023.
             Mangled by a gnoll bouda
             ... wielding a +0 club
              (11 damage)
             ... on level 3 of the Dungeon.
             The game lasted 00:05:29 (3196 turns).

Shayle the Firebug (Ogre Hexslinger)                Turns: 3196, Time: 00:05:35

HP:   -7/42 (48)    AC:  4    Str: 11    XL:     5   Next: 44%
MP:   6/6           EV:  9    Int: 20    God:
Gold: 158           SH:  5    Dex: 10    Spells: 6/6 levels left

rFire   . . .        a - +1 sling
rCold   . . .        (no shield)
rNeg    . . .        c - +1 robe
rPois   .            (helmet restricted)
rElec   .            (no cloak)
rCorr   .            (gloves unavailable)
SInv    .            (boots unavailable)
Will    .....        g - amulet of reflection
Stlth   +            (no ring)
HPRegen 0.27/turn    (no ring)
MPRegen 0.10/turn

%: reflection
@: weakened, heavily drained
A: large, unfitting armour, tough skin 1, clever 1, sturdy frame 1
a: no special abilities


You were on level 3 of the Dungeon.
You visited 1 branch of the dungeon, and saw 4 of its levels.

You collected 158 gold pieces.

Inventory:

Hand Weapons
 a - a +1 sling (weapon)
Armour
 c - a +1 robe (worn)
Jewellery
 g - an amulet of reflection (around neck)
 h - a +5 ring of evasion
Wands
 p - a wand of polymorph (8)
 s - a wand of charming (12)
Scrolls
 b - 3 scrolls of poison
 i - 2 scrolls of enchant armour
Potions
 e - a potion of cancellation
 j - 3 potions of haste
 l - 2 potions of lignification
 m - 2 potions of resistance
 n - a potion of curing {unknown}
 o - a potion of enlightenment {unknown}
 r - a potion of might
 t - a potion of ambrosia {unknown}


   Skills:
 - Level 1.3 Fighting
 - Level 1.3 Ranged Weapons
 - Level 1.7 Dodging
 + Level 3.0 Unarmed Combat
 - Level 1.2 Spellcasting
 - Level 2.6 Hexes
 + Level 3.2 Fire Magic


You had 6 spell levels left.
You didn't know any spells.
Your spell library contained the following spells:

 Spells                   Type           Power      Damage    Failure   Level
 Jinxbite                 Hex            22%        N/A       9%          2
 Inner Flame              Hex/Fire       13%        N/A       16%         3
 Sigil of Binding         Hex            11%        N/A       17%         3
 Cause Fear               Hex            5%         N/A       50%         4
 Dimensional Bullseye     Hex/Tloc       3%         N/A       69%         4


Dungeon Overview and Level Annotations

Branches:
Dungeon (4/15)
 Temple: D:4-7

Altars:
Qazlal
Xom


Innate Abilities, Weirdness & Mutations

You are too large for most types of armour.
You have tough skin. (AC +1)
Your mind is acute. (Int +4, Str/Dex -1)
Your movements are slightly less encumbered by armour. (ER -2)


Message History

The sling bullet hits the gnoll bouda but does no damage.
The gnoll bouda is lightly wounded.
The gnoll bouda gazes fiercely through you!
You feel as though you will be weak longer.
The gnoll hits you with a +0 flail!
The gnoll bouda hits you with a +0 club!
You block the gnoll's attack.
You climb upwards.
There is a stone staircase leading down here.
You block the gnoll bouda's attack.
The gnoll bouda hits you with a +0 club.
You block the gnoll bouda's attack.
The gnoll bouda attacks as it pursues you!
The gnoll bouda hits you with a +0 club.
You shoot a sling bullet. The sling bullet hits the gnoll bouda.
The gnoll bouda is moderately wounded.
The gnoll is no longer moving quickly.
The gnoll bouda barks out a call to the hunt!
The gnoll picks up the pace!
You shoot a sling bullet.
The sling bullet closely misses the gnoll bouda.
The sling bullet closely misses the gnoll.
The gnoll bouda hits you but does no damage.
You shoot a sling bullet. The sling bullet hits the gnoll bouda!
The gnoll bouda is severely wounded.
The gnoll bouda hits you with a +0 club!
* * * LOW HITPOINT WARNING * * *
You shoot a sling bullet. The sling bullet hits the gnoll bouda.
The gnoll bouda is severely wounded.
Your attacks no longer feel as feeble.
The gnoll bouda barely misses you.
The gnoll bouda hits you with a +0 club!
* * * LOW HITPOINT WARNING * * *
It was a potion of mutation.
You feel extremely strange.
You feel clever.
You feel less encumbered by your armour.
The gnoll bouda gazes fiercely through you!
You feel your attacks grow feeble.
The gnoll bouda hits you with a +0 club!
You die...

####### #......
#########.#####
#.........# # #.........#
# #.........# #
############.........#####
#........@gg.>............
#.####...###.............>
#.# #...# #.........##...
#.# #...# #########.##...
#.# #...# #.........#...
#.# #...# #.........#...
#.# #...# #.........#...
#.# #...# #.........#...
#.# #...# #.........####


You could see a gnoll bouda and a gnoll (swift).

Vanquished Creatures
  A gnoll (D:4)
  8 adders
  3 worms
  4 dart slugs
  3 orcs (D:3)
  3 endoplasms
  3 goblins
  8 hobgoblins
  9 jackals
  2 quokkas (D:2)
  3 ball pythons
  4 bats
  A frilled lizard (D:3)
  3 kobolds
  6 rats
61 creatures vanquished.

Notes
Turn   | Place    | Note
-------+----------+-------------------------------------------
     0 | D:1      | Shayle the Ogre Hexslinger began the quest for the Orb.
     0 | D:1      | Reached XP level 1. HP: 19/19 MP: 2/2
    72 | D:1      | Reached skill level 1 in Fire Magic
   421 | D:1      | Reached XP level 2. HP: 27/27 MP: 3/3
   430 | D:1      | Reached skill level 1 in Unarmed Combat
   909 | D:2      | Reached XP level 3. HP: 15/33 MP: 4/4
  1266 | D:2      | Reached XP level 4. HP: 26/41 MP: 5/5
  2375 | D:3      | Reached XP level 5. HP: 48/48 MP: 6/6
  2389 | D:3      | Found a stormy altar of Qazlal.
  2942 | D:4      | Found a shimmering altar of Xom.
  3196 | D:3      | Gained mutation: Your mind is acute. (Int +4, Str/Dex -1)
                  | [potion of mutation]
  3196 | D:3      | Gained mutation: Your movements are slightly less
                  | encumbered by armour. (ER -2) [potion of mutation]
  3196 | D:3      | Mangled by a gnoll bouda

Illustrated notes

Levels and vault maps discovered:
D:1:      psy_arrival_whirlpool, layout_basic, due_unseen_surprise
D:2:      layout_basic, minmay_misc_feat_nine_boxes,
          chequers_serial_rivers_small_a, dk_noncrumbling_2, st_stairs_7,
          amcnicky_mini_corridor_feature, minmay_tromino_v4_b
D:3:      layout_basic, nicolae_overflow_crystal_walls
D:4:      layout_loops_cross, mainiacjoe_overflow_boulevard,
          mainiacjoe_overflow_catwalk, fedhas_ov_isle_minmay, sigmund_army

Skill      XL: |  1  2  3  4  5 |
---------------+----------------+-----
Fire Magic     | 1 2 3 |  3.2
Unarmed Combat | 1 2 3 |  3.0
Fighting       | |  1.3
Ranged Weapons | |  1.3
Dodging        | |  1.7
Spellcasting   | |  1.2
Hexes          | |  2.6

Action                     |  1- 3 |  4- 6 || total
---------------------------+-------+-------++-------
   Fire: Sling             |   113 |   182 ||   295
    Use: Scroll            |       |    10 ||    10
         Potion            |       |     3 ||     3
 Armour: Robe              |    45 |    58 ||   103
  Dodge: Dodged            |    41 |    58 ||    99
  Block: Other             |    22 |    28 ||    50
         Reflection        |       |     2 ||     2

Table legend: (Time is in decaauts)
 A = Elapsed time spent in this place.
 B = Non-inter-level travel time spent in this place.
 C = Inter-level travel time spent in this place.
 D = Time resting spent in this place.
 E = Time spent auto-exploring this place.
 F = Levels seen in this place.
 G = Mean time per level.
                   A        B        C        D        E       F      G
               +--------+--------+--------+--------+--------+-----+--------+
         Total |   3293 |   3161 |    132 |      0 |   2514 |   4 |  823.2 |
       Dungeon |   3293 |   3161 |    132 |      0 |   2514 |   4 |  823.2 |
               +--------+--------+--------+--------+--------+-----+--------+

Top non-repeatable levels by time:
     D:2: 1468 daAuts
     D:1: 900 daAuts
     D:3: 589 daAuts
     D:4: 334 daAuts
